 Dungeon Crawl Stone Soup version 0.28-a0-697-g47f3eba078 (webtiles) character file.

Game seed: 3814968432782711013

19 KoroneIsBestGirl the Chiller (level 2, -1/17 HPs)
             Began as an Octopode Ice Elementalist on Oct 24, 2021.
             Frozen to death by an endoplasm (4 damage)
             ... on level 1 of the Dungeon.
             The game lasted 00:01:24 (823 turns).

KoroneIsBestGirl the Chiller (OpIE)                  Turns: 823, Time: 00:01:26

Health: -1/17      AC:  1    Str:  7    XL:     2   Next: 75%
Magic:  1/5        EV: 13    Int: 17    God:
Gold:   41         SH:  0    Dex: 12    Spells: 4/5 levels left

rFire   . . .      SeeInvis .   e - +0 dagger
rCold   . . .      Faith    .   (no shield)
rNeg    . . .      Spirit   .   (helmet restricted)
rPois   .          Reflect  .   (no amulet)
rElec   .          Harm     .   (no ring)
rCorr   .          Rampage  .   (no ring)
Will    .....                   (no ring)
Stlth   +++.......              (no ring)
HPRegen 0.05/turn               (no ring)
MPRegen 0.09/turn               (no ring)
                                (no ring)
                                (no ring)

@: no status effects
A: almost no armour, amphibious, 8 rings, camouflage 1, gelatinous body 1,
(nimble swimmer 1), tentacles
a: no special abilities


You were on level 1 of the Dungeon.
You visited 1 branch of the dungeon, and saw 1 of its levels.

You collected 41 gold pieces.

Inventory:

Hand Weapons
 e - a +0 dagger (weapon)
Missiles
 b - 27 stones
Scrolls
 c - a scroll of identify {unknown}
Potions
 a - a potion of invisibility {unknown}
 d - a potion of curing {unknown}
 f - a potion of heal wounds {unknown}


   Skills:
 + Level 2.4 Dodging
 - Level 2.6 Stealth
 + Level 2.3 Spellcasting
 + Level 4.2 Ice Magic


You had 4 spell levels left.
You knew the following spells:

 Your Spells              Type           Power      Damage    Failure   Level
a - Freeze                Ice            64%        1d8       3%          1

Your spell library contained the following spells:

 Spells                   Type           Power      Damage    Failure   Level
 Frozen Ramparts          Ice            32%        1d5       10%         3
 Ozocubu's Armour         Ice            16%        N/A       10%         3
 Corpse Rot               Necr/Air       2%         N/A       28%         2
 Poisonous Vapours        Pois/Air       2%         N/A       28%         2
 Hailstorm                Conj/Ice       9%         3d4       61%         4


Dungeon Overview and Level Annotations

Branches:
Dungeon (1/15)

Altars:


Innate Abilities, Weirdness & Mutations

You cannot wear most types of armour.
You are amphibious.
You can wear up to eight rings at the same time.
Your skin changes colour to match your surroundings (Stealth+).
Your rubbery body absorbs attacks. (AC +1, EV +1)
((You are camouflaged near water. (Stealth+)))
You have tentacles for arms and can constrict up to eight enemies at once.


Message History

You miscast Freeze.
You are very lightly contaminated with residual magic.
Nothing appears to happen.
The endoplasm quivers.
The dart slug bites you. The rat barely misses you.
A kobold comes into view. It is wielding a +0 club.
You are too depleted to draw on your mana recklessly!
You are too depleted to draw on your mana recklessly!
You hit the dart slug.
You kill the dart slug!
The rat bites you but does no damage.
You hit the rat. Your grab misses the rat.
The rat is heavily wounded.
The rat bites you.
The kobold throws a stone.
The stone closely misses you.
You hit the rat but do no damage. Your grab misses the rat.
The rat is heavily wounded.
The rat closely misses you.
You closely miss the rat. You grab the rat.
The rat is heavily wounded.
You constrict the rat.
You kill the rat!
A goblin comes into view. It is wielding a +0 dagger.
You closely miss the kobold. You grab the kobold.
You constrict the kobold, but do no damage.
The kobold closely misses you. The endoplasm freezes you.
You are frozen.
You are too injured to fight recklessly!
You release your grip on the kobold.
The endoplasm jiggles.
The kobold hits you with a +0 club.
* * * LOW HITPOINT WARNING * * *
Your magical contamination has completely faded away.
As you read the scroll labelled KOLLOGH IZXA, it crumbles to dust.
Your body is wracked with pain!
* * * LOW HITPOINT WARNING * * *
The endoplasm convulses!
The kobold convulses!
It was a scroll of torment.
The endoplasm freezes you.
You are frozen.
You die...

## ♣.♣........ # .#
#..#..... .. .#
##..#.#.###. .#####
######...#.......
.....# #...........#.#
.###.# #.####.#.#g..#
.# #.# #.# #.#.#..#(#
.# #.####.####.#.#..#!#
.# #...>....##.#@#..$#
.# #...........#.JK.#.#
.#
#......#.####.#........
.# #.######.#
#.#........ .##... .#
#.##...###.# ......# #
#.###.## # ###...# #.#
.# ##### #.# .. #. ###


You could see an endoplasm and a kobold.

Vanquished Creatures
  A dart slug (D:1)
  A goblin (D:1)
  A hobgoblin (D:1)
  3 jackals (D:1)
  3 kobolds (D:1)
  A quokka (D:1)
  A ball python (D:1)
  2 bats (D:1)
  2 frilled lizards (D:1)
  2 rats (D:1)
17 creatures vanquished.

Notes
Turn   | Place    | Note
-------+----------+-------------------------------------------
     0 | D:1      | KoroneIsBestGirl the Octopode Ice Elementalist began the
                  | quest for the Orb.
     0 | D:1      | Reached XP level 1. HP: 11/11 MP: 3/3
   105 | D:1      | Reached XP level 2. HP: 3/17 MP: 0/5
   823 | D:1      | Frozen to death by an endoplasm

Illustrated notes

Levels and vault maps discovered:
D:1:      sevenhm_arrival_forest_fort_large_4, layout_loops_ring, serial_forest,
          infiniplex_forest_straight_2, infiniplex_forest_clump_diagonal,
          infiniplex_forest_corner_1, infiniplex_forest_diagonal,
          minmay_small_reverse_x

Action                   || total
-------------------------++-------
Melee: Unarmed           ||    14
       Constrict         ||     6
       Tentacles         ||     1
       Dagger            ||     5
       Whip              ||     1
 Cast: Freeze            ||    20
  Use: Scroll            ||     1
Armor: Skin              ||     3
Dodge: Dodged            ||    35

Table legend: (Time is in decaauts)
 A = Elapsed time spent in this place.
 B = Non-inter-level travel time spent in this place.
 C = Inter-level travel time spent in this place.
 D = Time resting spent in this place.
 E = Time spent auto-exploring this place.
 F = Levels seen in this place.
 G = Mean time per level.
                   A        B        C        D        E       F      G
               +--------+--------+--------+--------+--------+-----+--------+
         Total |    822 |    822 |      0 |      0 |    719 |   1 |  822.0 |
       Dungeon |    822 |    822 |      0 |      0 |    719 |   1 |  822.0 |
               +--------+--------+--------+--------+--------+-----+--------+

Top non-repeatable levels by time:
     D:1: 822 daAuts
